 BcadrenCrawl: Boulder Brew version 0.06-688-g08e91b2d95 (webtiles) character file.

Game seed: 7323091108752413847

2 Leeroy the Ducker (level 1, 0/3 HPs) Fairy Demigod. Began on Jan 29, 2023. Slain by a cinder newt (1 damage) ... on level 1 of the Dungeon. The game lasted 00:00:34 (64 turns).

Leeroy the Ducker (Fairy Demigod)                     Turns: 64, Time: 00:00:35

Health: 0/3        AC:  0    Str:  9    XL:     1 ^: 11
Magic:  3/3        EV: 23    Int: 17    God:
Gold:   8          SH:  0    Dex: 19    Spells: 1/2 levels left

rFire    . . .     Slash    +   (no jewelry)
rCold    . . .     Pierce   +
rNeg     . . .     Bludgeon +
rCorr    . . .     Vision   .
rPois    .         Gourm    .
rElec    .         Faith    .
MR       .....     Spirit   .
HPRegen  0.11/turn Reflect  .
MPRegen  0.13/turn Harm     .
Stlth    +.........

@: flying, glowing, slow
A: tiny, no armour or weapons, only one jewelry slot, no melee attacks, fairy
magic, fairy shield, decreased potion and divine healing, unfitting armour,
flight, high mp 1, slowness 1, fairy light 1, insubstantial
a: Stop Flying


You were on level 1 of the Dungeon.
You were not hungry.

You visited 1 branch of the dungeon, and saw 1 of its levels.

You collected 8 gold pieces.

Inventory:

Jewellery
 c - a cursed ring of poison resistance {(Curse: Slay-6)}
Comestibles
 a - 2 chunks of flesh
 b - a ration


   Skills:
 + Level 4.1 Dodging
 + Level 1.4 Stealth
 + Level 1.2 Spellcasting
 + Level 2.1 Fire Magic


You had one spell level left.
You knew the following spells:

 Your Spells              Type           Power        Failure   Level  Hunger
a - Flame Tongue          Fire           8 (30)       9%          1    20-40

Your spell library contained the following spells:

 Spells                   Type           Power        Failure   Level  Hunger
 Slow Hex 1 (100) 22% 1 20-40 Conjure Flame Fire 8 (100) 26% 3 100-160 Blink Tloc N/A 32% 2 60-100 Call Imp Summ 1 (100) 32% 2 60-100 Mephitic Cloud Pois/Air       1 (100)      54%         3    100-160


Dungeon Overview and Level Annotations

Branches:
Dungeon (1/8)


Innate Abilities, Weirdness & Mutations

You are too small to use any gear.
You can wear a single ring or amulet completely around your body.
You are incapable of melee of any kind.
Your magic reserves are extremely low but spells that normally cost one mana are free and all other spells cost one mana.
You are extremely frail but all attacks that strike you do exactly one damage.
The effect of potions and godly healing effects is reduced to match your tiny health and magic reserves.
You are able to fly continuously.
You have an increased reservoir of magic. (+15% MP)
You cover ground slowly.
You exude a bright light in a small radius around yourself.
Your insubstantial form grants resistance to all physical attack and full immunity to sticky flames, nets and constriction. (rPhysical+)


Message History

Press: ? - help, Shift-Dir - straight line, f - cinder newt
Aim: a cinder newt (86%, 86% to-hit, healthy (12/12), 45% (Melee), wandering, hasn't noticed you, haloed)
The flame tongue hits the cinder newt (3).
The cinder newt resists.
The cinder newt is moderately wounded. (9/12) HP The cinder newt hisses angrily.
The cinder newt misses you.
Casting: Flame Tongue (safe; 9% risk of failure)
Confirm with . or Enter, or press ? or * to list all spells.
Aiming: Flame Tongue (safe; 9% risk of failure)
Press: ? - help, Shift-Dir - straight line, f/p - cinder newt
Aim: a cinder newt (86%, 86% to-hit, moderately wounded (9/12), 45% (Melee), haloed)
The flame tongue hits the cinder newt (3).
The cinder newt resists.
The cinder newt is heavily wounded. (6/12) HP The cinder newt bites you (2).
The cinder newt burns you (4).
A cinder newt comes into view.
The cinder newt hisses angrily.
The cinder newt bites you (2). The cinder newt burns you (4).
You die...

##...## #.#
#.....### #.#
#......# #.#
#.....###.#
#######.........#
............####
...###....#
#.#.#.##÷#
#@K.#.#....#
#..#l##†#.#..#
#l###s#.#.#..# #.
.#K.## .# . #.##
.# .# .# # #. .#
. ##.


You could see 2 cinder newts, a giant cockroach (clinging) and a kobold.

Vanquished Creatures
  A bat (D:1)
  2 rats (D:1)
3 creatures vanquished.

Notes
Turn   | Place    | Note
-------+----------+-------------------------------------------
     0 | D:1      | Leeroy the Fairy Demigod began the quest for the Orb.
     0 | D:1      | Reached XP level 1. HP: 3/3 MP: 3/3
    64 | D:1      | Slain by a cinder newt

Illustrated notes

Levels and vault maps discovered:
D:1:      dpeg_arrival_fog, layout_loops_corners, serial_park_tiny_2,
          minmay_pentomino_pile, lightli_sewer_entry_pipes

Action                   || total
-------------------------++-------
 Cast: Flame Tongue      ||     5
 Abil: Fly               ||     1
Dodge: Dodged            ||     4
